 Dungeon Crawl Stone Soup version 0.21-a0-538-gd16b88a (webtiles) character file.

56 Firecrotchwizard the Shield-Bearer (level 3, -1/26 HPs)
             Began as an Octopode Fighter on Dec 16, 2017.
             Was an Initiate of Okawaru.
             Slain by RapturedWeasel's ghost (7 damage)
             ... on level 3 of the Dungeon.
             The game lasted 00:04:00 (1953 turns).

Firecrotchwizard the Shield-Bearer (OpFi)           Turns: 1953, Time: 00:04:01

Health: -1/26      AC:  1    Str: 15    XL:     3   Next: 97%
Magic:  3/3        EV: 11    Int: 11    God:    Okawaru [......]
Gold:   132        SH:  8    Dex: 11    Spells: 2/2 levels left

rFire    . . .     SeeInvis .     - Unarmed
rCold    . . .     Gourm    .   a - +0 shield
rNeg     . . .     Faith    .   (helmet restricted)
rPois    .         Spirit   .   (no amulet)
rElec    .         Reflect  .   (no ring)
rCorr    .         Harm     .   (no ring)
MR       .....                  (no ring)
Stlth    +++.......             (no ring)
HPRegen  0.08/turn              (no ring)
MPRegen  0.08/turn              (no ring)
                                (no ring)
                                (no ring)

@: no status effects
A: almost no armour, stealthy swim, amphibious, 8 rings, constrict 8, camouflage
1, gelatinous body 1
a: Renounce Religion


You were on level 3 of the Dungeon.
You worshipped Okawaru.
Okawaru was noncommittal.
You were not hungry.

You visited 1 branch of the dungeon, and saw 3 of its levels.

You collected 132 gold pieces.

Inventory:

Armour
 a - a +0 shield (worn)
Scrolls
 e - 4 scrolls of enchant armour {unknown}
 h - 2 scrolls of teleportation {unknown}
 k - a scroll of immolation {unknown}
 l - a scroll of magic mapping {unknown}
Potions
 b - 2 potions of might
 f - a potion of ambrosia {unknown}
 j - 2 potions of agility {unknown}
 m - a potion of invisibility {unknown}
Comestibles
 c - 3 bread rations {@e1}
 d - a chunk of flesh {@w0}
 g - a royal jelly
 i - a meat ration {@e2}


   Skills:
 - Level 3.1 Fighting
 - Level 3.1 Dodging
 + Level 2.1 Stealth
 - Level 3.2 Shields
 * Level 3.1 Unarmed Combat


You had 2 spell levels left.
You didn't know any spells.

Dungeon Overview and Level Annotations

Branches:
Dungeon (3/15)

Altars:
Gozag
Okawaru

Shops:
D:2 *

Annotations:
D:2 exclusion: black bear
D:3 exclusion: 3 doors, RapturedWeasel's ghost, amateur GnWn


Innate Abilities, Weirdness & Mutations

You cannot wear most types of armour.
You are very stealthy in the water. (Stealth+)
You are amphibious.
You can wear up to eight rings at the same time.
You can use your tentacles to constrict eight enemies at once.
Your skin changes colour to match your surroundings (Stealth+).
Your rubbery body absorbs attacks. (AC +1, EV +1)


Message History

Okawaru accepts your kill.
Your Stealth skill increases to level 2!
No target in view!
You see here a dagger.
m - a fizzy orange potion
Found a stone staircase leading down and a stone staircase leading up.
You open the door.
The ooze is too close now for your liking.
The ooze quivers.
You tentacle-slap the ooze. You squeeze the ooze. The ooze hits you.
You take 4 damage, and have 22/26 hp.
You tentacle-slap the ooze.
You kill the ooze!
Okawaru accepts your kill.
No target in view!
No target in view!
c - 3 bread rations {@e1} (gained 1)
You block the rat's attack.
You tentacle-slap the rat.
You kill the rat!
Okawaru accepts your kill.
No target in view!
You butcher the rat corpse.
d - 7 chunks of flesh {@w0} (gained 1)
You see here a rat skeleton. x2
There is an open door here.
A leopard gecko comes into view.
There is an open door here.
You close the door.
You see here a ring mail.
A closed door.
Some of the chunks of flesh in your inventory have rotted away.
You open the door.
There is an open door here.
There is an open door here.
An open door.
You close the door.
Some of the chunks of flesh in your inventory have rotted away.
Health restored: 26
There is a stone staircase leading up here.
There is an open door here.
There is an escape hatch in the floor here.
You see here a hand axe.
This door is marked as excluded!
Open it anyway? [Y]es or [N]o only, please.
This door is marked as excluded!
Open it anyway?
You open the door.
Some of the chunks of flesh in your inventory have rotted away.
Really walk into a travel-excluded area?
There is an open door here.
The leopard gecko is too close now for your liking.
The leopard gecko hisses angrily.
RapturedWeasel's ghost says, "Life is a curse, you will soon understand."
RapturedWeasel's ghost casts a spell.
You miss the crimson imp. You grab the crimson imp.
You constrict the crimson imp. You block the crimson imp's attack.
You closely miss RapturedWeasel's ghost.
You constrict the crimson imp.
RapturedWeasel's ghost closely misses you.
The crimson imp shouts, "Scamper away, thou euchred moldwarp lewdster!"
The crimson imp barely misses you.
You tentacle-slap RapturedWeasel's ghost but do no damage.
You constrict the crimson imp.
You block RapturedWeasel's ghost's attack.
The crimson imp closely misses you.
You miss RapturedWeasel's ghost. You constrict the crimson imp.
RapturedWeasel's ghost hits you! The crimson imp barely misses you.
You take 10 damage, and have 16/26 hp.
MASSIVE DAMAGE!!
You closely miss RapturedWeasel's ghost.
Your tentacle-slap misses RapturedWeasel's ghost.
You constrict the crimson imp. RapturedWeasel's ghost hits you.
You take 4 damage, and have 12/26 hp.
You completely miss RapturedWeasel's ghost.
You constrict the crimson imp. You block the crimson imp's attack.
You block RapturedWeasel's ghost's attack.
You miss RapturedWeasel's ghost. You constrict the crimson imp.
The crimson imp hits you.
You block RapturedWeasel's ghost's attack.
The crimson imp blinks free!
You take 1 damage, and have 11/26 hp.
You closely miss RapturedWeasel's ghost.
RapturedWeasel's ghost hits you.
* * * LOW HITPOINT WARNING * * *
You take 6 damage, and have 5/26 hp.
MASSIVE DAMAGE!!
You tentacle-slap RapturedWeasel's ghost but do no damage.
RapturedWeasel's ghost stares at you.
RapturedWeasel's ghost closely misses you.
You barely miss RapturedWeasel's ghost.
RapturedWeasel's ghost barely misses you.
You tentacle-slap RapturedWeasel's ghost.
Your squeeze misses RapturedWeasel's ghost.
RapturedWeasel's ghost barely misses you.
You tentacle-slap RapturedWeasel's ghost.
The crimson imp blinks!
You miss RapturedWeasel's ghost.
Your squeeze misses RapturedWeasel's ghost.
RapturedWeasel's ghost hits you!
You die...

##############
.............#
############.#
#.........##.####
#.........#.....# ...
#.........#..[..# ....
#........÷#.....###§....
#.......[.+.....@Wl.....
....#######......##.....
#..## ####......## .5.
#..# #<.........## #
#..#####..............
..>....+....##........
########....##.........
....# ##..###..?.#####
....# #..####...#


You could see RapturedWeasel's ghost, a crimson imp and a leopard gecko.

Vanquished Creatures
  An ooze (D:3)
  A dart slug (D:1)
  2 leopard geckos
  A ball python (D:1)
  7 bats
  4 giant cockroaches
  A goblin (D:2)
  5 hobgoblins
  4 jackals
  3 quokkas
  2 frilled lizards (D:1)
  4 kobolds
  10 rats
45 creatures vanquished.

Notes
Turn   | Place    | Note
-------+----------+-------------------------------------------
     0 | D:1      | Firecrotchwizard the Octopode Fighter began the quest for the Orb.
     0 | D:1      | Reached XP level 1. HP: 16/16 MP: 1/1
   302 | D:1      | Reached XP level 2. HP: 21/21 MP: 2/2
   477 | D:1      | Reached skill level 1 in Stealth
   863 | D:2      | Reached XP level 3. HP: 22/26 MP: 3/3
   908 | D:2      | Found an iron altar of Okawaru.
   920 | D:2      | Became a worshipper of Warmaster Okawaru
   943 | D:2      | Noticed a black bear
  1307 | D:2      | Found Gozag's Platinum Reserve.
  1311 | D:2      | Found an opulent altar of Gozag.
  1574 | D:3      | Reached skill level 3 in Unarmed Combat
  1715 | D:3      | Noticed RapturedWeasel's ghost (amateur GnWn)
  1747 | D:3      | Reached skill level 2 in Stealth
  1948 | D:3      | HP: 5/26 [RapturedWeasel's ghost (6)]
  1953 | D:3      | Slain by RapturedWeasel's ghost

Vault maps used:
D:1:      nzn_arrival_depleted_hourglass, hangedman_decor_clover_reticule,
          minivault_19
D:2:      minmay_diamond_boxcup, okawaru_ov_weapons_minmay,
          nicolae_gozag_zags_fifth_avenue
D:3:      cheibrodos_greedy_goblins, first_bread

Skill      XL: |  1  2  3 |
---------------+----------+-----
Stealth        | 1 2 |  2.1
Unarmed Combat | 3 |  3.1
Fighting       | |  3.1
Dodging        | |  3.1
Shields        | |  3.2

Action                   || total
-------------------------++-------
Melee: Unarmed           ||   104
       Constrict         ||    25
       Tentacles         ||    10
       Punch             ||     1
 Stab: Sleeping          ||    15
  Eat: Chunk             ||     3
Armor: Skin              ||    10
Dodge: Dodged            ||    39
Block: Shield            ||    43

Table legend:
 A = Spawn XP
 B = Non-spawn XP
 C = Spawn XP percentage of total XP
 D = Spawn monster count
 E = Non-spawn monster count
 F = Spawn count percentage of total count
 G = Total turns spent on level
                    A         B        C        D         E        F      G
               +---------+---------+-------+---------+---------+-------+---------
         Total |       0 |      81 |   0.0 |       0 |      45 |   0.0 |  1953
               +---------+---------+-------+---------+---------+-------+---------
           D:1 |       0 |      28 |   0.0 |       0 |      16 |   0.0 |   838
           D:2 |       0 |      32 |   0.0 |       0 |      19 |   0.0 |   726
           D:3 |       0 |      21 |   0.0 |       0 |      10 |   0.0 |   389
               +---------+---------+-------+---------+---------+-------+---------

Vault maps used:
D:1:      nzn_arrival_depleted_hourglass, hangedman_decor_clover_reticule,
          minivault_19
D:2:      minmay_diamond_boxcup, okawaru_ov_weapons_minmay,
          nicolae_gozag_zags_fifth_avenue
D:3:      cheibrodos_greedy_goblins, first_bread

Table legend:
 A = Turns spent in this place as a percentage of turns spent in the entire game.
 B = Non-inter-level travel turns spent in this place as a percentage of non-inter-level travel turns spent in the entire game.
 C = Inter-level travel turns spent in this place as a percentage of turns spent in this place.
 D = Turns resting spent in this place as a percentage of non-inter-level travel turns spent in this place.
 E = Turns spent auto-exploring this place as a percentage of non-inter-level travel turns spent in this place.
 F = Non-inter-level travel turns spent in this place divided by the number of levels of this place that you've seen.
                   A       B       C       D       E      F
               +-------+-------+-------+-------+-------+----------------------
         Total | 100.0 | 100.0 |   5.2 |  18.0 |  64.5 | 617.0
       Dungeon | 100.0 | 100.0 |   5.2 |  18.0 |  64.5 | 617.0
               +-------+-------+-------+-------+-------+----------------------

Table legend:
 A = Kills in this place as a percentage of kills in entire the game.
 B = Kills by you in this place as a percentage of kills by you in the entire game.
 C = Kills by friends in this place as a percentage of kills by friends in the entire game.
 D = Other kills in this place as a percentage of other kills in the entire game.
 E = Experience gained in this place as a percentage of experience gained in the entire game.
 F = Experience gained in this place divided by the number of levels of this place that you have seen.
                   A       B       C       D       E      F
               +-------+-------+-------+-------+-------+----------------------
         Total | 100.0 | 100.0 |   N/A |   N/A | 100.0 |  27.0
       Dungeon | 100.0 | 100.0 |   N/A |   N/A | 100.0 |  27.0
               +-------+-------+-------+-------+-------+----------------------
